 Dungeon Crawl Stone Soup version 0.19-a0-1899-g2d93087 (webtiles) character file.

26666 Amnesiac the Brawler (level 13, -9/131 HPs)
             Began as a Troll Berserker on Oct 19, 2016.
             Was an Elder of Trog.
             Mangled by a spriggan rider
             ... wielding a +2 vampiric spear
              (30 damage)
             ... on level 1 of the Swamp.
             The game lasted 00:11:52 (4273 turns).

Amnesiac the Brawler (Troll Berserker)              Turns: 4273, Time: 00:11:53

Health: -9/131     AC:  9    Str: 28    XL:     13   Next: 0%
Magic:  12/12      EV: 16    Int:  3    God:    Trog [****..]
Gold:   652        SH:  4    Dex: 16    Spells: 0 memorised, 12 levels left

rFire  . . .     SeeInvis .       - Unarmed
rCold  . . .     Gourm    +     e - +2 robe {MR+}
rNeg   . . .     Faith    .     (no shield)
rPois  .         Spirit   .     (helmet restricted)
rElec  .         Reflect  +     J - +1 cloak
rCorr  .         Harm     .     (gloves unavailable)
MR     +....                    (boots unavailable)
Stlth  +.........               q - +4 amulet of reflection
                                i - +3 ring of dexterity
                                j - +1 ring of slaying

@: lethally poisoned (-9 -> -9)
A: unfitting armour, claws 3, fast metabolism 3, gourmand, regeneration 1,
shaggy fur 1, tough skin 2
a: Berserk, Trog's Hand, Brothers in Arms, Burn Spellbooks, Renounce Religion


You were on level 1 of the Swamp.
You worshipped Trog.
Trog was greatly pleased with you.
You were very full.

You visited 3 branches of the dungeon, and saw 15 of its levels.

You collected 754 gold pieces.
You spent 102 gold pieces at shops.

Inventory:

Missiles
 v - a throwing net (quivered)
Armour
 e - a +2 robe of magic resistance (worn)
 o - a +0 troll leather armour
 J - a +1 cloak (worn)
Jewellery
 i - a +3 ring of dexterity (right claw)
 j - a +1 ring of slaying (left claw)
 l - an uncursed ring of flight
 q - a +4 amulet of reflection (around neck)
 r - an uncursed ring of resist corrosion
 y - an uncursed ring of protection from magic
 G - an uncursed ring of protection from cold
Wands
 d - a wand of acid (8/15)
 n - a wand of polymorph (9/24)
 B - a wand of digging (15/24)
 D - a wand of acid (6/15)
Scrolls
 w - 5 scrolls of teleportation
 x - a scroll of fog
 E - a scroll of immolation {unknown}
 F - a scroll of enchant weapon
Potions
 a - 2 potions of flight
 g - 2 potions of resistance {unknown}
 m - 2 potions of ambrosia {unknown}
 p - 5 potions of curing
 z - 2 potions of haste {unknown}
 A - a potion of brilliance {unknown}
 C - a potion of heal wounds {unknown}
 L - a potion of cancellation
 M - a potion of might
Books
 s - a book of Power

   Spells                             Type                      Level
   a - Fulminant Prism                Conjuration/Hexes            4
   b - Iskenderun's Mystic Blast      Conjuration                  4
   c - Venom Bolt                     Conjuration/Poison           5
   d - Bolt of Magma                  Conjuration/Fire/Earth       5
   e - Iron Shot                      Conjuration/Earth            6
   f - Orb of Destruction             Conjuration                  7
   g - Spellforged Servitor           Conjuration/Summoning        7
   Trog disapproves of the use of such an item.
 u - a book of Frost

   Spells                             Type                      Level
   a - Freeze                         Ice                          1
   b - Throw Frost                    Conjuration/Ice              2
   c - Ozocubu's Armour               Charms/Ice                   3
   d - Throw Icicle                   Conjuration/Ice              4
   e - Summon Ice Beast               Ice/Summoning                4
   Trog disapproves of the use of such an item.
 H - a book of Unlife

   Spells                             Type                      Level
   a - Recall                         Summoning/Translocation      3
   b - Animate Dead                   Necromancy                   4
   c - Control Undead                 Necromancy                   4
   d - Cigotuvi's Embrace             Necromancy                   5
   e - Death Channel                  Necromancy                   6
   f - Simulacrum                     Ice/Necromancy               6
   Trog disapproves of the use of such an item.
Comestibles
 b - 7 bread rations
 c - 9 royal jellies
 f - a slice of pizza
 h - 4 meat rations
 k - 18 fruits
 t - 9 beef jerkies


   Skills:
 + Level 9.0 Fighting
 + Level 8.8 Dodging
 * Level 16.5 Unarmed Combat


You had 12 spell levels left.
You didn't know any spells.

Dungeon Overview and Level Annotations

Branches:
Dungeon (10/15)              Lair (4/6) D:8           Swamp (1/4) Lair:4
  Snake (0/4) Lair:3
 Temple: D:4-7          Orc: D:9-12

Altars:
Gozag
Vehumet
The Shining One

Shops:
D:4 =   D:8 (*=


Innate Abilities, Weirdness & Mutations

You are too large for most types of armour.
You have claws for hands.
Your metabolism is lightning-fast.
You like to eat raw meat.
Your natural rate of healing is unusually fast.
You are covered in fur. (AC +1)
You have very tough skin. (AC +2)


Message History

You have reached level 13!
You feel sick.
You enter the shallow water.
Moving in this stuff is going to be slow.
You feel sick.
The spriggan rider hits you with a vampiric spear.
* * * LOW HITPOINT WARNING * * *
The spriggan rider hits you with a vampiric spear.
* * * LOW HITPOINT WARNING * * *
Unknown command.
You feel sick.
You fail to use your ability.
You feel sick.
The spriggan rider hits you with a vampiric spear!
* * * LOW HITPOINT WARNING * * *
Okay, then.
Unknown command.
Your two-headed ogre goes berserk!
You feel sick.
The spriggan rider hits you with a vampiric spear!!
You die...

♣♣♣♣♣♣.≈≈≈≈≈≈.≈≈≈≈≈..≈♣
♣♣(...♣≈.≈♣♣≈.≈♣♣♣
♣≈..♣♣♣..≈♣§...♣ ≈≈.♣
♣≈≈.≈.≈†♣♣ ≈≈.♣
♣.≈≈..≈≈♣ ..♣
♣♣....♣♣≈≈≈≈≈♣
♣≈≈≈.♣♣♣♣≈≈≈≈♣
♣♣≈≈≈≈♣♣♣♣≈♣♣♣
♣≈!♣♣♣♣.@.O..≈♣ ♣
..≈≈$..i♣♣♣..≈♣
≈$.....♣.v≈.♣♣♣ ≈≈≈...♣
D≈.♣♣ ≈≈≈≈.. ≈..♣
≈≈≈≈.≈ ...♣ ≈≈≈≈. ≈≈.♣
.≈≈≈. ≈.♣♣ .≈≈§ .≈♣


You could see a spriggan rider and a friendly two-headed ogre (berserk).

Vanquished Creatures
  Erolcha (D:10)
  The ghost of Lochraine the Fighter, a journeyman FoFi of Okawaru (Lair:2)
  A ghost crab (Swamp:1)
  A catoblepas (Lair:3)
  2 alligators (Swamp:1)
  A shambling mangrove (Swamp:1)
  A hill giant (D:10)
  Joseph (D:8)
  9 elephants (Lair:4)
  A black mamba (Lair:3)
  8 spiny frogs
  2 komodo dragons (Lair:2)
  2 tyrant leeches (Lair:4)
  A troll (D:10)
  3 hornets
  5 blink frogs (Lair:3)
  A slime creature (Swamp:1)
  A hippogriff (Lair:1)
  21 yaks
  3 wraiths (D:10)
  A wyvern (D:10)
  3 vampire mosquitoes (Swamp:1)
  A hungry ghost (D:10)
  3 nagas (Lair:3)
  3 insubstantial wisps (Swamp:1)
  A soldier ant (D:9)
  A swamp worm (Swamp:1)
  6 water moccasins
  8 porcupines
  3 swamp drakes (Swamp:1)
  An orc warrior (D:9)
  5 ogres
  9 wolves
  A centaur (D:10)
  5 crocodiles
  2 big kobolds (D:9)
  A bullfrog (Lair:3)
  A wyvern zombie (D:9)
  A scorpion (D:9)
  4 howler monkeys
  2 electric eels
  2 crimson imps
  2 hounds
  An orc priest (D:3)
  A jelly (D:8)
  2 orc wizards (D:9)
  A centaur skeleton (D:9)
  An iguana (D:6)
  Terence (D:2)
  A bullfrog skeleton (D:9)
  7 worker ants
  4 adders
  2 worms
  15 orcs
  5 hobgoblins
  2 jackals (D:1)
  9 kobolds
  A quokka (D:8)
  A goblin (D:3)
  A plant (Lair:2)
187 creatures vanquished.

Vanquished Creatures (collateral kills)
  A slime creature (Swamp:1)
1 creature vanquished.

Grand Total: 188 creatures vanquished

Notes
Turn   | Place    | Note
-------+----------+-------------------------------------------
     0 | D:1      | Amnesiac the Troll Berserker began the quest for the Orb.
     0 | D:1      | Reached XP level 1. HP: 22/22 MP: 0/0
    72 | D:2      | Reached XP level 2. HP: 16/29 MP: 1/1
   105 | D:2      | Noticed Terence
   112 | D:2      | Killed Terence
   112 | D:2      | Reached XP level 3. HP: 33/36 MP: 2/2
   143 | D:3      | Reached skill level 4 in Unarmed Combat
   143 | D:3      | Reached XP level 4. HP: 33/45 MP: 3/3
   213 | D:3      | Found a radiant altar of Vehumet.
   261 | D:4      | Noticed an ogre
   265 | D:4      | Killed an ogre
   265 | D:4      | Reached XP level 5. HP: 48/53 MP: 4/4
   340 | D:4      | Found a glowing golden altar of the Shining One.
   443 | D:4      | Found Kudd's Jewellery Boutique.
   469 | D:4      | Bought a cursed +1 ring of slaying for 42 gold pieces
   474 | D:5      | Entered Level 5 of the Dungeon
   479 | D:5      | Reached ** piety under Trog
   497 | D:5      | Reached skill level 5 in Unarmed Combat
   534 | D:6      | Reached XP level 6. HP: 40/61 MP: 5/5
   694 | D:8      | Found Vepixigho's Weapon Boutique.
   732 | D:8      | Reached skill level 6 in Unarmed Combat
   732 | D:8      | Reached XP level 7. HP: 36/70 MP: 6/6
   733 | D:8      | Found Junlobul's Assorted Antiques.
   744 | D:8      | Bought a scroll labeled KAAHE ZULALY for 30 gold pieces
   744 | D:8      | Bought a scroll labeled TITOSMICEC for 30 gold pieces
   792 | D:8      | Noticed Joseph
   806 | D:8      | Killed Joseph
   806 | D:8      | Reached skill level 7 in Unarmed Combat
   869 | D:9      | Reached XP level 8. HP: 52/79 MP: 7/7
   989 | D:10     | Entered Level 10 of the Dungeon
  1027 | D:10     | Noticed Erolcha
  1047 | D:10     | Reached skill level 5 in Fighting
  1054 | D:10     | Killed Erolcha
  1054 | D:10     | Reached skill level 5 in Dodging
  1054 | D:10     | Reached skill level 9 in Unarmed Combat
  1054 | D:10     | Reached XP level 9. HP: 62/88 MP: 8/8
  1097 | D:10     | Noticed a hill giant
  1121 | D:10     | Killed a hill giant
  1197 | D:10     | Noticed a troll
  1215 | D:10     | Killed a troll
  1246 | D:10     | Reached *** piety under Trog
  1285 | D:10     | Reached skill level 10 in Unarmed Combat
  1501 | D:9      | Found an opulent altar of Gozag.
  1618 | D:9      | Reached XP level 10. HP: 100/100 MP: 9/9
  1619 | D:9      | Reached skill level 14 in Unarmed Combat
  1619 | D:9      | Reached XP level 11. HP: 107/107 MP: 10/10
  1891 | D:8      | Found Pokhopn's Jewellery Shop.
  2059 | D:8      | Found a staircase to the Lair.
  2075 | Lair:1   | Entered Level 1 of the Lair of Beasts
  2078 | Lair:1   | Reached **** piety under Trog
  2670 | Lair:2   | Noticed Lochraine's ghost (journeyman FoFi)
  2701 | Lair:2   | Killed Lochraine's ghost
  2704 | Lair:2   | Reached skill level 15 in Unarmed Combat
  3288 | Lair:3   | Reached XP level 12. HP: 41/119 MP: 11/11
  3472 | Lair:3   | Found a staircase to the Snake Pit.
  3683 | Lair:3   | Noticed a catoblepas
  3684 | Lair:3   | Reached ***** piety under Trog
  3695 | Lair:3   | Killed a catoblepas
  3889 | Lair:4   | Reached skill level 16 in Unarmed Combat
  3978 | Lair:4   | Found a staircase to the Swamp.
  4010 | Swamp:1  | Entered Level 1 of the Swamp
  4031 | Swamp:1  | Noticed an alligator
  4040 | Swamp:1  | Killed an alligator
  4123 | Swamp:1  | Noticed a ghost crab
  4140 | Swamp:1  | Killed a ghost crab
  4196 | Swamp:1  | Noticed an alligator
  4201 | Swamp:1  | Killed an alligator
  4265 | Swamp:1  | Noticed a seven-headed hydra
  4269 | Swamp:1  | Reached XP level 13. HP: 38/131 MP: 12/12
  4273 | Swamp:1  | Mangled by a spriggan rider

Vault maps used:
D:1:      tarquinn_simple_flora_water_c, hangedman_decor_slide_cut
D:2:      gammafunk_temple_overflow_statue, ecumenical_altar_2, first_bread,
          uniq_terence, uniq_jessica
D:3:      lemuel_crystal_altar, uniq_robin
D:4:      marbit_many_paths, serial_shops, shop, nicolae_tso_swordbearing_angel
D:5:      serial_shops, nicolae_shop_competitors_out_of_business
D:6:      uniq_menkaure
D:7:      nicolae_dithmenos_the_darkroom, gammafunk_temple_overflow_claw
D:8:      lair_0_dummy, serial_shops, nicolae_shop_stone, shop,
          nicolae_shop_waterfront, shop_coins, kennysheep_mini_moat, uniq_joseph
D:9:      nicolae_gozag_cash_rules_everything_around_me,
          hangedman_pestilent_swarm
D:10:     hangedman_weighted_door, grunt_ministairs_12, minmay_misc_feat_square,
          uniq_erolcha
Lair:1:   serial_bayou_lagoon_a, serial_bayou_pond_e, infiniplex_staircase_pool,
          lemuel_fruit_tree
Lair:2:   grunt_megastairs_3, serial_bayou_shore_a
Lair:3:   guppyfry_snake_entry_island, grunt_megastairs_1, serial_bayou_shore_b
Lair:4:   minmay_swamp_entry_worms
Swamp:1:  hangedman_swamp_diagram, swamp_pool5

Skill      XL: |  1  2  3  4  5  6  7  8  9 10 11 12 |
---------------+-------------------------------------+-----
Fighting       | 3 4 5 6 7 9 |  9.0
Unarmed Combat | 4 5 6 7 9 10 14 15 16 | 16.5
Dodging        | 3 4 5 6 7 8 |  8.8

Action                   |  1- 3 |  4- 6 |  7- 9 | 10-12 | 13-15 || total
-------------------------+-------+-------+-------+-------+-------++-------
Melee: Unarmed           |    36 |    66 |   111 |   361 |       ||   574
       Punch             |       |     1 |     4 |    36 |       ||    41
Invok: Berserk           |     1 |     1 |     5 |     4 |       ||    11
       Brothers in Arms  |       |       |       |     1 |     1 ||     2
       Trog's Hand       |       |       |       |     1 |       ||     1
  Use: Scroll            |       |       |    11 |     6 |       ||    17
       Potion            |       |       |       |     1 |       ||     1
 Stab: Sleeping          |     1 |       |       |       |       ||     1
       Distracted        |       |       |       |     1 |       ||     1
       Petrified         |       |       |       |     3 |       ||     3
  Eat: Chunk             |     4 |    10 |    13 |    29 |       ||    56
Armor: Animal skin       |     5 |       |       |       |       ||     5
       Robe              |     4 |    11 |    19 |    39 |       ||    73
Dodge: Dodged            |    14 |    32 |    51 |   171 |       ||   268
Block: Other             |       |       |     3 |    47 |       ||    50
       Reflection        |       |       |       |     2 |       ||     2
